 Dungeon Crawl Stone Soup version 0.25.1-2-g60ff931df9 (webtiles) character file.

Game seed: 15429736723567776934

20 hawla the Conjurer (level 3, 0/24 HPs)
             Began as a Human Conjurer on Nov 27, 2020.
             Succumbed to an adder's poison
             ... on level 2 of the Dungeon.
             The game lasted 00:02:25 (706 turns).

hawla the Conjurer (Human Conjurer)                  Turns: 706, Time: 00:02:26

Health: 0/24       AC:  2    Str:  8    XL:     3   Next: 0%
Magic:  1/7        EV: 12    Int: 16    God:
Gold:   20         SH:  0    Dex: 13    Spells: 5/8 levels left

rFire    . . .     SeeInvis .   (no weapon)
rCold    . . .     Gourm    .   (no shield)
rNeg     . . .     Faith    .   a - +0 robe
rPois    .         Spirit   .   (no helmet)
rElec    .         Reflect  .   (no cloak)
rCorr    .         Harm     .   (no gloves)
MR       .....                  (no boots)
Stlth    ++........             (no amulet)
HPRegen  0.08/turn              (no ring)
MPRegen  0.10/turn              (no ring)

@: lethally poisoned (0 -> -8), very slightly contaminated
A: no striking features
a: no special abilities


You were on level 2 of the Dungeon.
You were not hungry.

You visited 1 branch of the dungeon, and saw 2 of its levels.

You collected 20 gold pieces.

Inventory:

Armour
 a - a +0 robe (worn)
Comestibles
 b - 8 chunks of flesh
 c - 3 rations


   Skills:
 - Level 2.0 Dodging
 - Level 2.0 Stealth
 + Level 3.1 Spellcasting
 - Level 4.0 Conjurations


You had 5 spell levels left.
You knew the following spells:

 Your Spells              Type           Power        Failure   Level  Hunger
a - Magic Dart            Conj           ###.         3%          1    #......
b - Searing Ray           Conj           ###...       5%          2    ##.....

Your spell library contained the following spells:

 Spells                   Type           Power        Failure   Level  Hunger
 Dazzling Flash           Conj/Hex       #.....       24%         3    ###....
 Fulminant Prism          Conj/Hex       #.........   63%         4    #####..
 Iskenderun's Mystic Bla  Conj/Tloc      #.......     63%         4    #####..


Dungeon Overview and Level Annotations

Branches:
Dungeon (1/15)

Altars:


Message History

The weapon returns to the hobgoblin!
You feel sick.
The hobgoblin throws a boomerang.
The boomerang completely misses you.
The weapon returns to the hobgoblin!
* * * LOW HITPOINT WARNING * * *
You feel sick. The bat hits you but does no damage.
* * * LOW HITPOINT WARNING * * *
You feel sick. The bat hits you.
* * * LOW HITPOINT WARNING * * *
The bat hits you but does no damage.
The hobgoblin throws a boomerang.
The boomerang hits you.
* * * LOW HITPOINT WARNING * * *
The weapon returns to the hobgoblin!
Sorry, you're not good enough to have a special ability.
You aren't carrying any potions.
* * * LOW HITPOINT WARNING * * *
You feel sick.
The hobgoblin throws a boomerang.
The boomerang misses you. The bat closely misses you.
* * * LOW HITPOINT WARNING * * *
You feel sick. The bat hits you but does no damage.
You die...

#...........#
#............#
##...........#
#[...........#
#............#
#............#
#......b....#
#........(..##
###.......@...####
>##...g......÷..##.
....................#
..###.............####
..................#
..................# #
#####.....###########
#####....##.##....#####.###
..##..####...####..##...#÷#


You could see a hobgoblin and a bat.

Vanquished Creatures
  An adder (D:2)
  A dart slug (D:1)
  A goblin (D:2)
  2 hobgoblins
  3 bats
  A kobold (D:1)
  A rat (D:1)
10 creatures vanquished.

Notes
Turn   | Place    | Note
-------+----------+-------------------------------------------
     0 | D:1      | hawla the Human Conjurer began the quest for the Orb.
     0 | D:1      | Reached XP level 1. HP: 13/13 MP: 3/3
   375 | D:1      | Reached XP level 2. HP: 11/19 MP: 0/5
   500 | D:1      | Learned a level 2 spell: Searing Ray
   509 | D:1      | You fall into a shaft and drop 1 floor!
   653 | D:2      | Reached XP level 3. HP: 24/24 MP: 4/7
   705 | D:2      | HP: 1/24 [poisoned by an adder]
   706 | D:2      | Succumbed to an adder's poison

Illustrated notes

Levels and vault maps discovered:
D:1:      lightli_arrival_statue_moat, layout_basic
D:2:      wad_crossroads, layout_rooms, overflow_temple_1_default,
          dk_noncrumbling_3

Skill      XL: |  1  2 |
---------------+-------+-----
Spellcasting   | 3 |  3.1
Dodging        | |  2.0
Stealth        | |  2.0
Conjurations   | |  4.0

Action                   || total
-------------------------++-------
Melee: Unarmed           ||    23
 Cast: Magic Dart        ||    18
       Searing Ray       ||     4
  Use: Scroll            ||     1
Armor: Robe              ||    12
Dodge: Dodged            ||    32
